cohdb
Replays
Latest Replays
All Replays
Popular Replays
Top Player Replays
Match Explorer
How It Works
Community
CoH3 Stats
Reddit
Sign in to upload your games and track your stats! →
Sign in with Steam
top level player map hacking?
Match 33693401
Overview
Messages
Build Orders
End
Kettenkrad Recon Vehicle
Construct Infanterie Kompanie
Selects Luftwaffe Battlegroup
MG 42 Machine Gun Team
Grenadier Squad
GrW 34 Mortar Team
Grenadier Squad
Construct Panzergrenadier Kompanie
Selects Stuka Strafing Run
Selects Fallschirmjäger Squad Paradrop
Panzergrenadier Squad
Stuka Strafing Run
Pak 40 Anti-tank Gun Team
Panzergrenadier Officer Quarters
Stuka Strafing Run
Medical Station
Construct Panzer Kompanie
Stuka Strafing Run
Panzer IV Medium Tank
Selects Stuka Loiter
Panzer IV Medium Tank
Selects Luftwaffe Pioneer Support
Selects LG40 Recoilless Gun Paradrop
Selects Luftwaffe Pioneer Support
Selects Flak 38 Anti-Air Emplacement
Stuka Loiter
Angrybirds
NaDa
Nudlar
Elite_1650
0
0
Comments
sign in to comment!
No comments posted yet!